 Dungeon Crawl Stone Soup version 0.26.0-18-gc5c842f807 (webtiles) character file.

Game seed: 9935409572651622208

798 kaeus the Firebug (level 7, -1/54 HPs)
             Began as a Gargoyle Fire Elementalist on Jan 24, 2021.
             Was an Initiate of Vehumet.
             Slain by an orc warrior
             ... wielding a +0 scimitar
              (12 damage)
             ... on level 6 of the Dungeon.
             The game lasted 00:08:04 (7024 turns).

kaeus the Firebug (Gargoyle Fire Elementalist)      Turns: 7024, Time: 00:08:05

Health: -1/54      AC: 23    Str: 11 (12) XL:     7   Next: 90%
Magic:  0/12       EV:  2    Int: 14 (17) God:    Vehumet [......]
Gold:   371        SH:  0    Dex:  9 (10) Spells: 12/13 levels left

rFire    . . .     SeeInvis .   d - +1 hand axe
rCold    . . .     Faith    .   (no shield)
rNeg     + + +     Spirit   +   (armour currently unavailable)
rPois    ∞         Reflect  .   (helmet currently unavailable)
rElec    .         Harm     .   (cloak currently unavailable)
rCorr    .         Rampage  .   (gloves currently unavailable)
Will     .....     NoTele   +   (boots currently unavailable)
Stlth    ++........             g - amulet of guardian spirit
HPRegen  0.18/turn              (no ring)
MPRegen  0.13/turn              (no ring)

@: tree-form
A: negative energy resistance 1, petrification resistance, miasma immunity, AC
+4
a: Renounce Religion


You were on level 6 of the Dungeon.
You worshipped Vehumet.
Vehumet was noncommittal.
You were a tree.
You visited 2 branches of the dungeon, and saw 7 of its levels.

You collected 371 gold pieces.

Inventory:

Hand Weapons
 d - a +1 hand axe (weapon)
Armour
 c - a +0 pair of gloves (melded)
 k - a +2 pair of boots (melded)
 l - a +0 leather armour (melded)
 r - a +0 helmet (melded)
Jewellery
 b - a cursed -4 ring of dexterity {unknown}
 g - an amulet of guardian spirit (around neck)
 q - a cursed -4 ring of protection {unknown}
Scrolls
 a - 2 scrolls of blinking
 e - 2 scrolls of identify
 f - 5 scrolls of remove curse
 p - a scroll of teleportation
Potions
 h - a potion of lignification
 i - a potion of degeneration
 m - 2 potions of attraction {unknown}
 n - a potion of curing
 o - a potion of brilliance {unknown}
 s - a potion of haste {unknown}


   Skills:
 - Level 1.5 Dodging
 - Level 2.1 Stealth
 + Level 3.9 Spellcasting
 * Level 5.9 Conjurations
 * Level 6.1 Fire Magic


You had 12 spell levels left.
You knew the following spells:

 Your Spells              Type           Power        Failure   Level
a - Foxfire               Conj/Fire      76%          1%          1

Your spell library contained the following spells:

 Spells                   Type           Power        Failure   Level
 Conjure Flame            Conj/Fire      19%          4%          3
 Sticky Flame             Conj/Fire      19%          16%         4
 Inner Flame              Hex/Fire       11%          17%         3
 Fireball                 Conj/Fire      9%           41%         5


Dungeon Overview and Level Annotations

Branches:
Dungeon (6/15)             Temple (1/1) D:4

Altars:
Cheibriados
Elyvilon
Fedhas
Gozag
Hepliaklqana
Kikubaaqudgha
Makhleb
Nemelex Xobeh
Qazlal
Ru
Sif Muna
Trog
Uskayaw
Vehumet
Wu Jian
Xom
Yredelemnul
Zin


Innate Abilities, Weirdness & Mutations

You are resistant to torment.
((Your stone body is resilient. (AC +4)))
You are immune to poison.
You resist negative energy. (rN+)
((You are resistant to electric shocks. (rElec)))
((You can survive without breathing.))
You are immune to petrification.
You are immune to miasma.


Message History

The orc warrior is severely wounded.
The orc warrior hits you with a +0 scimitar.
The orc warrior hits you but does no damage.
You take 1 damage, and have 19/54 hp.
You closely miss the orc warrior.
The orc warrior is severely wounded.
The orc warrior hits you with a +0 scimitar!
* * * LOW HITPOINT WARNING * * *
You take 9 damage, and have 10/54 hp.
You now have 1/12 mp.
You hit the orc warrior.
The orc warrior is almost dead.
The orc warrior hits you but does no damage.
You closely miss the orc warrior.
The orc warrior is almost dead.
The orc warrior barely misses you.
Casting: Foxfire (safe; 1% risk of failure)
Confirm with . or Enter, or press ? or * to list all spells.
You conjure some foxfire!
The orc warrior hits you with a +0 scimitar!
You die...

....... ...
#....#####+#+#.#
#.)).........###.
#..).............
#...........#####
#...........###
#######.......#
##########ov...#
#........#.♣...#
#.........v<...#
#...........)..#
#..............#
#..............#
#..............#
#..............#
#............###
#............#


You could see an orc warrior.

Vanquished Creatures
  An ogre (D:4)
  A bullfrog (D:6)
  A water moccasin zombie (D:4)
  A hound (D:4)
  A bullfrog skeleton (D:4)
  8 orc wizards
  An orc priest (D:5)
  An iguana (D:5)
  Terence (D:2)
  Robin (D:3)
  6 adders
  4 gnolls (D:3)
  2 ufetubi
  4 oozes
  A worm (D:2)
  3 dart slugs
  4 leopard geckos
  15 orcs
  3 giant cockroaches
  14 goblins
  3 hobgoblins
  10 jackals
  3 quokkas
  A ball python (D:4)
  4 bats
  4 frilled lizards
  4 kobolds
  A leopard gecko zombie (D:5)
  6 rats
109 creatures vanquished.

Vanquished Creatures (others)
  339 foxfires
339 creatures vanquished.

Grand Total: 448 creatures vanquished

Notes
Turn   | Place    | Note
-------+----------+-------------------------------------------
     0 | D:1      | kaeus the Gargoyle Fire Elementalist began the quest for
                  | the Orb.
     0 | D:1      | Reached XP level 1. HP: 10/10 MP: 3/3
   473 | D:1      | Reached XP level 2. HP: 15/15 MP: 0/5
   876 | D:1      | Reached XP level 3. HP: 19/19 MP: 4/6
  1202 | D:1      | Found an ornate altar of the Wu Jian Council.
  1322 | D:2      | Noticed Terence
  1349 | D:2      | Killed Terence
  1350 | D:2      | Reached XP level 4. HP: 6/24 MP: 1/7
  1899 | D:2      | Found an ornate altar of the Wu Jian Council.
  2109 | D:2      | Reached skill level 4 in Fire Magic
  2616 | D:3      | Reached XP level 5. HP: 28/28 MP: 5/9
  2968 | D:3      | Noticed Robin
  2988 | D:3      | Killed Robin
  3411 | D:3      | Reached XP level 6. HP: 25/32 MP: 1/10
  4322 | D:4      | Reached skill level 5 in Fire Magic
  4792 | D:4      | Found a staircase to the Ecumenical Temple.
  4808 | Temple   | Entered the Ecumenical Temple
  4823 | D:4      | Reached skill level 5 in Conjurations
  4823 | D:4      | Reached XP level 7. HP: 32/36 MP: 5/12
  5190 | D:4      | Found an opulent altar of Gozag.
  5421 | Temple   | Became a worshipper of Vehumet
  5465 | D:5      | Entered Level 5 of the Dungeon
  6820 | D:5      | Noticed an angel
  6821 | D:5      | Found a glowing silver altar of Zin.
  6860 | D:6      | Reached skill level 6 in Fire Magic
  7024 | D:6      | Slain by an orc warrior

Illustrated notes

Levels and vault maps discovered:
D:1:      dpeg_arrival_water_altar, layout_loops_ring
D:2:      layout_basic, lemuel_doored_altar, uniq_terence
D:3:      layout_basic, uniq_robin
D:4:      layout_loops_corners, lemuel_round_altar, minmay_temple_entry_grid
D:5:      layout_rooms, zin_angel, serial_co_window_serial, co_window_cross_1,
          co_window_cross_1, co_window_paths_a, co_window_paths_a,
          co_window_corner_a, co_window_paths_a, co_window_corner_a,
          co_window_2corner, co_window_broadway_a, co_window_broadway_c,
          co_window_unsneaky_path_d, small_statue_intersection
D:6:      layout_basic
Temple:   minmay_freezing_vapour_temple

Skill      XL: |  1  2  3  4  5  6  7 |
---------------+----------------------+-----
Conjurations   | 2 3 4 5 |  5.9
Fire Magic     | 4 5 6 |  6.1
Spellcasting   | 3 |  3.9
Dodging        | |  1.5
Stealth        | |  2.1

Action                   |  1- 3 |  4- 6 |  7- 9 || total
-------------------------+-------+-------+-------++-------
Melee: Hand axe          |    62 |   137 |    63 ||   262
       Unarmed           |     1 |       |       ||     1
 Cast: Foxfire           |    58 |   129 |    59 ||   246
  Use: Scroll            |     6 |       |     5 ||    11
       Potion            |     2 |       |     6 ||     8
 Stab: Sleeping          |       |     1 |       ||     1
Armor: Robe              |    27 |       |       ||    27
       Leather armour    |     6 |    98 |    27 ||   131
       Skin              |       |       |    13 ||    13
Dodge: Dodged            |    55 |   102 |    28 ||   185
